 Dungeon Crawl Stone Soup version 0.28.0-43-g3370ac3207 (webtiles) character file.

Game seed: 10693985695644309480

230 zeratav the Sneak (level 5, -1/25 HPs)
             Began as a Spriggan Enchanter on Mar 31, 2022.
             Succumbed to a scorpion's poison
             ... on level 5 of the Dungeon.
             The game lasted 00:08:17 (2451 turns).

zeratav the Sneak (Spriggan Enchanter)              Turns: 2451, Time: 00:08:18

Health: -1/25      AC:  2    Str:  4    XL:     5   Next: 72%
Magic:  9/11       EV: 17    Int: 19    God:
Gold:   23         SH:  0    Dex: 15    Spells: 6/11 levels left

rFire   . . .      SeeInvis +   d - +1 dagger (vamp)
rCold   . . .      Faith    .   (no shield)
rNeg    . . .      Spirit   .   b - +0 robe
rPois   .          Reflect  .   (helmet restricted)
rElec   .          Harm     .   (no cloak)
rCorr   .          Rampage  .   (gloves unavailable)
Will    .....                   (boots unavailable)
Stlth   +++.......              (no amulet)
HPRegen 0.08/turn               (no ring)
MPRegen 0.12/turn               (no ring)

@: lethally poisoned (-1 -> -13), very quick
A: very small, no large weapons, unfitting armour, see invisible, speed 3
a: no special abilities


You were on level 5 of the Dungeon.
You visited 1 branch of the dungeon, and saw 5 of its levels.

You collected 23 gold pieces.

Inventory:

Hand Weapons
 a - a +1 dagger
 d - a +1 vampiric dagger (weapon)
Missiles
 f - 6 stones
 h - 7 poisoned darts (quivered)
Armour
 b - a +0 robe (worn)
Jewellery
 p - an amulet of faith
Wands
 o - a wand of flame (17)
Scrolls
 e - a scroll of teleportation {unknown}
 j - a scroll of immolation {unknown}
 l - a scroll of blinking {unknown}
 m - a scroll of noise {unknown}
Potions
 c - a potion of invisibility
 g - 2 potions of cancellation {unknown}
 i - a potion of lignification {unknown}
 k - a potion of heal wounds {unknown}
 n - a potion of haste {unknown}


   Skills:
 + Level 0.3 Fighting
 + Level 1.9 Short Blades
 + Level 3.2 Dodging
 + Level 6.5 Stealth
 + Level 3.8 Spellcasting
 + Level 4.4 Hexes
 * Level 2.1 Ice Magic


You had 6 spell levels left.
You knew the following spells:

 Your Spells              Type           Power      Damage    Failure   Level
a - Ensorcelled Hibernat  Hex/Ice        32%        N/A       5%          2
b - Confusing Touch       Hex            20%        N/A       7%          3

Your spell library contained the following spells:

 Spells                   Type           Power      Damage    Failure   Level
 Tukima's Dance           Hex            20%        N/A       7%          3
 Dazzling Flash           Conj/Hex       24%        N/A       17%         3


Dungeon Overview and Level Annotations

Branches:
Dungeon (6/15)
 Temple: D:4-7

Altars:
Nemelex Xobeh

Annotations:
D:3 Natasha
D:6 Maggie


Innate Abilities, Weirdness & Mutations

You are very small and have problems with some larger weapons.
You are too small for most types of armour.
You have supernaturally acute eyesight. (SInv)
You cover ground extremely quickly. (Speed+++)


Message History

Found 14 gold pieces.
The white ugly thing gurgles horribly!
An adder comes into view.
You open the door.
The adder hisses angrily.
There is an open door here.
Found a stone staircase leading up.
Found a ring mail.
There is a stone staircase leading up here.
You climb upwards.
Found 24 arrows and a short sword.
There is a stone staircase leading down here.
You see here a +0 short sword.
Found a crooked fluorescent wand.
Found a lumpy fluorescent amulet.
You see here a wand of flame (17).
o - a wand of flame (17)
You see here an amulet of faith.
p - an amulet of faith A scorpion comes into view.
The scorpion stings you.
You are poisoned.
The scorpion poisons you!
Casting: Ensorcelled Hibernation (safe; 5% risk of failure)
Confirm with . or Enter, or press ? or * to list all spells.
Aiming: Ensorcelled Hibernation (safe; 5% risk of failure)
Press: ? - help, Shift-Dir - straight line, f - scorpion
Aim: a scorpion (chance to affect: 50%)
The scorpion resists with some effort.
You feel sick. The scorpion stings you!
You are lethally poisoned!
The scorpion poisons you!
You feel very sick. The scorpion closely misses you.
* * * LOW HITPOINT WARNING * * *
You feel very sick.
* * * LOW HITPOINT WARNING * * *
You feel sick.
* * * LOW HITPOINT WARNING * * *
You feel sick.
You die...

#########....#####.........#
..........#### #.........#
########### #.........# #
#...#......# #
###...###......# # ##...##
#......# # #...# #......# #
#...### #......#
###.@.###.###### ###...#.#
###.s.###.# ##...### #.#
#...## #s# ##...### #.#
###...###.# ###.s.#.#
##....#


There were no monsters in sight!

Vanquished Creatures
  Sigmund (D:2)
  A bullfrog skeleton (D:6)
  An adder (D:2)
  2 dart slugs (D:2)
  A ball python (D:2)
  3 endoplasms
  2 giant cockroaches (D:2)
  3 hobgoblins
  4 quokkas
  2 bats (D:2)
  4 frilled lizards
  3 goblins
  2 kobolds
  3 rats
32 creatures vanquished.

Notes
Turn   | Place    | Note
-------+----------+-------------------------------------------
     0 | D:1      | zeratav the Spriggan Enchanter began the quest for the Orb.
     0 | D:1      | Reached XP level 1. HP: 9/9 MP: 5/5
   329 | D:1      | Reached XP level 2. HP: 13/13 MP: 7/7
   332 | D:1      | Learned a level 2 spell: Ensorcelled Hibernation
   712 | D:2      | Reached skill level 5 in Stealth
   830 | D:2      | Reached XP level 3. HP: 16/16 MP: 5/8
  1131 | D:2      | Found a sparkling altar of Nemelex Xobeh.
  1182 | D:2      | Noticed Sigmund
  1603 | D:2      | Killed Sigmund
  1604 | D:2      | Reached skill level 6 in Stealth
  1604 | D:2      | Reached skill level 1 in Ice Magic
  1604 | D:2      | Reached XP level 4. HP: 8/21 MP: 4/10
  1604 | D:2      | Reached XP level 5. HP: 9/24 MP: 4/11
  1875 | D:2      | Found a faded altar of an unknown god.
  2107 | D:2      | Learned a level 3 spell: Confusing Touch
  2270 | D:3      | Noticed Natasha
  2270 | D:3      | You fall into a shaft and drop 3 floors!
  2270 | D:6      | Noticed an orc warrior
  2274 | D:6      | Noticed Maggie
  2350 | D:6      | Noticed a white ugly thing
  2380 | D:5      | Entered Level 5 of the Dungeon
  2450 | D:5      | HP: 1/25 [poisoned by a scorpion]
  2451 | D:5      | Succumbed to a scorpion's poison

Illustrated notes

Levels and vault maps discovered:
D:1:      doesnt_arrival_eight_statues, layout_basic
D:2:      layout_basic, ebering_ecumenical_altar_abandoned, basic_altar,
          chequers_serial_rivers_micro_c, uniq_sigmund
D:3:      layout_rooms, gammafunk_temple_overflow_wave, minmay_quadrilaterals,
          uniq_natasha
D:5:      layout_rooms, lemuel_round_altar, eino_curves_03
D:6:      layout_basic, enter_ossuary_4, uniq_maggie

Skill      XL: |  1  2  3  4  5 |
---------------+----------------+-----
Spellcasting   | 3 |  3.8
Stealth        | 5 6 |  6.5
Dodging        | 3 |  3.2
Hexes          | 4 |  4.4
Ice Magic      | 1 2 |  2.1
Fighting       | |  0.3
Short Blades   | |  1.9

Action                   |  1- 3 |  4- 6 || total
-------------------------+-------+-------++-------
Melee: Dagger            |    51 |    14 ||    65
       Punch             |     3 |       ||     3
 Cast: Ensorcelled Hiber |    21 |     3 ||    24
  Use: Potion            |       |     1 ||     1
 Stab: Sleeping          |    19 |     4 ||    23
       Invisible         |       |     1 ||     1
Armor: Robe              |     6 |     1 ||     7
Dodge: Dodged            |    30 |     8 ||    38
